 Dungeon Crawl Stone Soup version 0.28-a0-793-g31680bbd8b (webtiles) character file.

Game seed: 3582937600775026260

3067 Twinkles the Slinger (level 9, -11/47 HPs)
             Began as a Spriggan Hunter on Nov 5, 2021.
             Killed from afar by Pikel (34 damage)
             ... with a bolt of acid
             ... on level 7 of the Dungeon.
             The game lasted 00:55:24 (12996 turns).

Twinkles the Slinger (Spriggan Hunter)             Turns: 12996, Time: 00:55:25

Health: -11/47     AC:  3    Str: 11    XL:     9   Next: 58%
Magic:  10/10      EV: 21    Int: 19    God:
Gold:   302        SH:  0    Dex: 15    Spells: 6/8 levels left

rFire   . . .      SeeInvis +   a - +2 hunting sling (vorpal)
rCold   . . .      Faith    .   (shield restricted)
rNeg    + . .      Spirit   .   c - +1 robe
rPois   .          Reflect  .   (helmet restricted)
rElec   .          Harm     .   (no cloak)
rCorr   .          Rampage  .   (gloves unavailable)
Will    +....                   (boots unavailable)
Stlth   ++++......              (no amulet)
HPRegen 0.15/turn               o - +6 ring of intelligence
MPRegen 0.12/turn               e - ring of positive energy

@: very quick
A: very small, no large weapons, unfitting armour, see invisible, speed 3
a: no special abilities


You were on level 7 of the Dungeon.
You visited 1 branch of the dungeon, and saw 7 of its levels.
You also visited: Ossuary.

You collected 302 gold pieces.

Inventory:

Hand Weapons
 a - a +2 vorpal hunting sling (weapon)
 b - a +2 antimagic short sword
 g - a +0 dagger
Missiles
 d - 19 sling bullets (quivered ammo)
 f - a throwing net
 j - 34 poisoned darts
 r - 6 boomerangs
 s - 38 stones
Armour
 c - a +1 robe (worn)
Jewellery
 e - a ring of positive energy (right hand)
 o - a +6 ring of intelligence (left hand)
Wands
 i - a wand of iceblast (3)
 p - a wand of paralysis (9)
 q - a wand of flame (5)
 y - a wand of mindburst (6)
Scrolls
 k - 4 scrolls of acquirement
 l - 4 scrolls of amnesia
 n - 2 scrolls of enchant armour
 u - a scroll of blinking {unknown}
 S - a scroll of summoning
Potions
 m - a potion of ambrosia {unknown}
 t - 2 potions of might {unknown}
 A - a potion of attraction
 C - a potion of cancellation
 H - 3 potions of haste
 J - 2 potions of curing
 L - 5 potions of flight
 N - 3 potions of heal wounds
 U - 3 potions of mutation


   Skills:
 + Level 5.3 Fighting
 + Level 8.8 Slings
 + Level 8.4 Dodging
 - Level 7.5 Stealth
 - Level 4.4 Hexes
 + Level 3.2 Air Magic
 + Level 3.5 Poison Magic


You had 6 spell levels left.
You knew the following spells:

 Your Spells              Type           Power      Damage    Failure   Level
a - Poisonous Vapours     Pois/Air       24%        N/A       8%          2

Your spell library contained the following spells:

 Spells                   Type           Power      Damage    Failure   Level
 Corpse Rot               Necr/Air       12%        N/A       16%         2
 Swiftness                Air            12%        N/A       17%         3
 Passwall                 Tmut/Erth      0%         N/A       30%         2
 Invisibility             Hex            8%         N/A       99%         6


Dungeon Overview and Level Annotations

Branches:
Dungeon (7/15)             Temple (0/1) D:7         Ossuary (visited)

Altars:

Shops:
D:5 :   D:7 (

Annotations:
D:4 exclusion: necrophage, Eustachio
D:7 Pikel


Innate Abilities, Weirdness & Mutations

You are very small and have problems with some larger weapons.
You are too small for most types of armour.
You have supernaturally acute eyesight. (SInv)
You cover ground extremely quickly. (Speed+++)


Message History

You shoot a stone. The stone hits the lemure!
The lemure is severely wounded.
You shoot a stone. The stone hits the lemure!
You kill the lemure!
That felt strangely unrewarding.
No target in view!
You shoot a stone. The stone hits the lemure.
The lemure is moderately wounded.
Pikel the Slaver comes into view.
He is wielding a +2 whip of flaming and carrying a wand of acid (6).
You shoot a stone. The stone closely misses the lemure.
You shoot a stone. The stone barely misses the lemure.
You shoot a stone. The stone closely misses the lemure.
The stone hits Pikel but does no damage.
You shoot a stone. The stone hits the lemure.
The lemure is moderately wounded.
You shoot a stone. The stone hits the lemure.
The lemure is heavily wounded.
You shoot a stone. The stone barely misses the lemure.
You shoot a stone. The stone hits the lemure.
The lemure is heavily wounded.
You shoot a stone. The stone closely misses the lemure.
You shoot a stone. The stone hits the lemure.
The lemure is heavily wounded.
You shoot a stone. The stone closely misses the lemure.
You shoot a stone. The stone hits the lemure.
The lemure is severely wounded.
You shoot a stone. The stone hits the lemure.
The lemure is severely wounded.
You shoot a stone. The stone hits the lemure.
The lemure is almost dead.
You shoot a stone. The stone hits the lemure.
The lemure is almost dead.
You shoot a stone. The stone hits the lemure!
You kill the lemure!
That felt strangely unrewarding.
Pikel zaps a wand.
The bolt of acid hits you!!
Ouch! That really hurt!
Pikel zaps a wand.
The bolt of acid misses you.
Pikel zaps a wand.
The bolt of acid hits you!!
Ouch! That really hurt!
You die...

,,,,,*,,,* ,,,***,*** ,,,* *,*
######## **##**** ,,,* *,*
#......# *,.,,,,* ,,,***,*
#.####.#####.#***,*
,,,,,,,#####.##.......#.####,*
,,,****#........#..........#,*
,*** #.##...#.#.)##.#.##.#,* .#
#.##...#.@..##.#,..,,,* .#
#.##.....<.###.#**#.#*** .#
#.####K#....)..## *,..,* .#
#......##...#...# ***#,* .#
######(##..#[#..# ****,***
.######## #(##.#...#.# *,,,,,,,
...(.(..## #.###..∩..##**,**,**,
.........# #(#..#...#..#*,**,**,
(K(5..(K.####(#...#.#......**,**,


You could see Pikel.

Vanquished Creatures
  A wyvern (D:5)
  Duvessa (D:6)
  A sky beast (D:6)
  2 orc warriors
  A black bear (D:5)
  A necrophage (D:6)
  2 ogres (D:6)
  2 phantoms
  2 centaurs
  4 lemures (D:7)
  2 bullfrogs (D:6)
  2 scorpions (D:5)
  3 water moccasin zombies (Ossuary)
  2 wyvern zombies (D:6)
  3 water moccasin skeletons
  Dowan (D:6)
  A killer bee (D:5)
  A howler monkey (D:6)
  2 hounds
  A centaur zombie (D:4)
  2 jellies
  A bullfrog skeleton (D:6)
  3 orc priests
  A centaur skeleton (D:7)
  An iguana (D:5)
  4 scorpion zombies (D:4)
  5 orc wizards
  Natasha (thrice) (D:3)
  3 hound skeletons
  6 hound zombies
  3 mummies
  9 gnolls
  6 adders
  2 white imps (D:6)
  6 adder zombies
  3 adder skeletons (D:4)
  A worm (D:4)
  A dart slug (D:4)
  18 orcs
  4 ball pythons
  11 bats
  8 endoplasms
  3 giant cockroaches (D:1)
  2 gnoll zombies (Ossuary)
  3 goblins
  5 hobgoblins
  7 jackals
  11 kobolds
  3 quokkas
  3 frilled lizards
  A goblin zombie (D:5)
  4 hobgoblin zombies
  A jackal zombie (D:4)
  6 kobold zombies (Ossuary)
  4 orc zombies (Ossuary)
  A quokka zombie (D:4)
  5 rats
195 creatures vanquished.

Vanquished Creatures (collateral kills)
  An orc (D:7)
1 creature vanquished.

Vanquished Creatures (others)
  A plant (D:7)
  7 withered plants (D:4)
8 creatures vanquished.

Grand Total: 204 creatures vanquished

Notes
Turn   | Place    | Note
-------+----------+-------------------------------------------
     0 | D:1      | Twinkles the Spriggan Hunter began the quest for the Orb.
     0 | D:1      | Reached XP level 1. HP: 10/10 MP: 2/2
   155 | D:1      | Reached skill level 5 in Slings
   155 | D:1      | Reached XP level 2. HP: 11/15 MP: 3/3
  1082 | D:2      | Reached XP level 3. HP: 18/18 MP: 4/4
  1157 | D:2      | Found a faded altar of an unknown god.
  1629 | D:3      | Reached XP level 4. HP: 23/23 MP: 5/5
  2019 | D:3      | Reached XP level 5. HP: 21/27 MP: 6/6
  2132 | D:3      | Noticed Natasha
  2156 | D:3      | Killed Natasha
  2600 | D:3      | Noticed Natasha
  2609 | D:3      | Killed Natasha
  2796 | D:3      | Noticed Natasha
  3470 | D:3      | Killed Natasha
  3471 | D:3      | Reached skill level 1 in Hexes
  4016 | D:4      | Noticed a necrophage
  4232 | D:3      | Reached XP level 6. HP: 32/32 MP: 7/7
  4562 | D:4      | Reached skill level 5 in Stealth
  4926 | D:4      | Noticed Eustachio
  5009 | D:4      | Reached skill level 5 in Dodging
  5320 | D:4      | Reached XP level 7. HP: 24/36 MP: 8/8
  6507 | D:5      | Entered Level 5 of the Dungeon
  6657 | D:5      | Noticed a wyvern
  6679 | D:5      | Killed a wyvern
  6680 | D:5      | Reached XP level 8. HP: 41/42 MP: 9/9
  6728 | D:5      | Found a sand-covered staircase.
  6861 | Ossuary  | Entered an ossuary
  7682 | D:5      | Found Eniprofi's Book Shop.
  7862 | D:5      | Reached skill level 1 in Poison Magic
  7924 | D:5      | Reached skill level 1 in Air Magic
  8017 | D:5      | Learned a level 2 spell: Poisonous Vapours
  8622 | D:6      | Reached XP level 9. HP: 46/46 MP: 10/10
  9606 | D:6      | Noticed Duvessa
  9926 | D:6      | Reached skill level 5 in Fighting
  9972 | D:6      | HP: 14/47 [poisoned by a killer bee]
  9977 | D:6      | HP: 12/47 [poisoned by a killer bee]
  9995 | D:5      | HP: 6/47 [killer bee (8)]
 10410 | D:6      | Noticed Dowan
 10554 | D:6      | Killed Dowan
 12050 | D:6      | Killed Duvessa
 12484 | D:7      | Found Togg's Weapon Emporium.
 12494 | D:7      | Identified 4 scrolls of acquirement
 12951 | D:7      | Noticed Pikel
 12996 | D:7      | Killed from afar by Pikel

Illustrated notes

Levels and vault maps discovered:
D:1:      evilmike_arrival_plus, layout_basic
D:2:      layout_rooms, ebering_ecumenical_altar_abandoned
D:3:      layout_loops_ring, uniq_natasha
D:4:      layout_basic, kiku_gazebo_pond_becter, serial_undead, serial_undead_c,
          serial_undead_a, serial_undead_d, serial_undead_b, serial_undead_f,
          serial_undead_f, serial_undead_c, uniq_eustachio
D:5:      layout_gridville, serial_shops, nicolae_lakefront_shop,
          nicolae_ossuary_entry_giza, kennysheep_generic_room_15
D:6:      layout_basic, minmay_chambers_of_fives, uniq_duvessa
D:7:      lemuel_castle_with_subvaults [lemuel_castle_interior_carwin_1],
          layout_loops_cross, lightli_temple_of_fire, minmay_temple_entry_grid,
          serial_shops, nicolae_diamond_shop, uniq_pikel

Skill      XL: |  1  2  3  4  5  6  7  8  9 |
---------------+----------------------------+-----
Stealth        | 2 3 4 5 7 |  7.5
Slings         | 5 6 7 8 |  8.8
Dodging        | 3 4 5 6 7 8 |  8.4
Fighting       | 2 3 4 5 |  5.3
Hexes          | 1 2 4 |  4.4
Poison Magic   | 2 3 |  3.5
Air Magic      | 1 3 |  3.2

Action                   |  1- 3 |  4- 6 |  7- 9 || total
-------------------------+-------+-------+-------++-------
Melee: Dagger            |    16 |     3 |       ||    19
 Fire: Hunting sling     |    96 |   228 |   596 ||   920
Throw: Dart              |       |       |    16 ||    16
Evoke: Wand              |       |       |     2 ||     2
  Use: Scroll            |       |     6 |    10 ||    16
       Potion            |       |       |     2 ||     2
 Stab: Sleeping          |       |     1 |       ||     1
Armor: Robe              |     6 |     4 |     7 ||    17
Dodge: Dodged            |    29 |    73 |    89 ||   191

Table legend: (Time is in decaauts)
 A = Elapsed time spent in this place.
 B = Non-inter-level travel time spent in this place.
 C = Inter-level travel time spent in this place.
 D = Time resting spent in this place.
 E = Time spent auto-exploring this place.
 F = Levels seen in this place.
 G = Mean time per level.
                   A        B        C        D        E       F      G
               +--------+--------+--------+--------+--------+-----+--------+
         Total |   9389 |   8581 |    808 |   1388 |   4756 |   8 | 1173.6 |
       Dungeon |   8891 |   8083 |    808 |   1247 |   4602 |   7 | 1270.1 |
       Ossuary |    498 |    498 |      0 |    141 |    154 |   1 |  498.0 |
               +--------+--------+--------+--------+--------+-----+--------+

Top non-repeatable levels by time:
     D:6: 2625 daAuts
     D:3: 2116 daAuts
     D:4: 1551 daAuts
     D:5: 1170 daAuts
     D:1: 731 daAuts
 Ossuary: 498 daAuts
     D:7: 389 daAuts
     D:2: 306 daAuts
